Map: Prion Terraces

Players

Fullmetal

  • Race: Terran Terran
  • League: Master

Wally - Winner!

  • Race: Zerg Zerg
  • League: Master

VOD

Have the link to the VOD?

Description

Time

  • Played on: Nov. 16, 2015, 3:14 a.m.
  • Length: 5:47
Show
View Real Time Build Order
Export as new Build Order

Fullmetal Terran 

Build Orders: Liberator Opening, Reaper Expand 

Get SALT Encoding   

  12  0:00  SCV  
  13  0:13  SCV  
  14  0:18  Supply Depot  
  14  0:25  SCV  
  15  0:40  SCV  
  15  0:41  Barracks  
  16  0:48  Refinery  
  16  0:52  SCV  
  17  1:04  SCV  
  18  1:16  SCV  
  19  1:28  Orbital Command  
  19  1:31  Reaper  
  20  1:45  Command Center  
  20  1:55  SCV  
  21  2:02  Refinery  
  21  2:07  SCV, Supply Depot  
  22  2:11  Barracks Reactor  
  22  2:19  SCV  
  23  2:32  SCV  
  23  2:35  Factory  
  24  2:44  SCV  
  24  2:50  Marine x2  
  27  2:58  Orbital Command  
  27  3:00  SCV  
  28  3:14  SCV  
  28  3:16  Barracks Reactor  
  29  3:21  Starport  
  29  3:24  SCV  
  29  3:26  SCV  
  29  3:27  Hellion x2  
  35  3:32  Supply Depot  
  35  3:36  SCV  
  35  3:38  SCV  
  37  3:46  Liberator  
  37  3:47  Liberator  
  37  3:48  SCV, Hellion x2  
  41  3:50  SCV  
  43  4:00  Barracks Tech Lab  
  43  4:01  SCV, Refinery  
  44  4:06  SCV  
  51  4:13  SCV  
  51  4:14  Hellion  
  53  4:22  Hellion  
  53  4:25  Supply Depot  
  53  4:36  SCV  
  52  4:38  Marauder  
  40  4:55  SCV  
  34  5:01  SCV  
  34  5:03  Marauder  
  37  5:07  SCV  
  37  5:13  SCV  
  37  5:19  SCV  
  37  5:21  Command Center  
  39  5:26  SCV  
  44  5:31  SCV  
Show
View Real Time Build Order
Export as new Build Order

Wally Zerg - Winner!

Build Orders: Hatch First 

Get SALT Encoding   

  12  0:03  Drone  
  13  0:12  Overlord  
  13  0:18  Drone  
  14  0:30  Drone x2  
  17  0:35  Drone  
  17  0:52  Hatchery  
  16  0:57  Drone  
  16  0:59  Drone  
  16  1:01  Extractor  
  17  1:10  Drone  
  18  1:19  Spawning Pool  
  17  1:26  Drone  
  17  1:29  Drone  
  19  1:40  Drone  
  20  1:50  Drone  
  21  2:04  Overlord  
  21  2:05  Zergling x2  
  21  2:06  Queen  
  21  2:08  Queen  
  26  2:32  Overlord  
  26  2:33  Roach Warren  
  26  2:34  Extractor  
  23  3:12  Roach x2  
  29  3:13  Roach x4  
  29  3:16  Roach  
  29  3:17  Roach x3  
  29  3:19  Overlord x2  
  43  3:39  Roach x2  
  47  3:44  Drone  
  47  3:45  Drone  
  49  3:49  Drone  
  49  3:50  Drone x4  
  49  3:53  Ravager x3  
  57  3:59  Overlord  
  57  4:04  Drone, Extractor  
  57  4:06  Drone  
  58  4:29  Overlord  
  58  4:30  Drone x4  
  59  4:39  Overlord  
  59  4:42  Hatchery  
  59  4:43  Overlord  
  58  4:50  Ravager  
  59  4:58  Roach x2  
  56  5:02  Drone x8  
  64  5:07  Extractor  
  64  5:13  Overlord  
  60  5:14  Ravager x2  
  60  5:18  Ravager x2  
Tags
 
Add a new tag
Caveats
  • Supply blocks, unpowered buildings, or Contaminate may cause inaccurate times.
  • Supply counts are checked every 10 seconds.